 Dungeon Crawl Stone Soup version 0.26-a0-1191-ge2a0e31ab3 (webtiles) character file.

Game seed: 13145536699520053941

821 voltaire321 the Skirmisher (level 7, -1/56 HPs)
             Began as a Demonspawn Fighter on Dec 29, 2020.
             Was an Initiate of Makhleb.
             Killed from afar by a white imp (14 damage)
             ... with a puff of frost
             ... on level 5 of the Dungeon.
             The game lasted 00:10:25 (4504 turns).

voltaire321 the Skirmisher (Demonspawn Fighter)     Turns: 4504, Time: 00:10:26

Health: -1/56      AC: 23    Str: 18    XL:     7   Next: 63%
Magic:  7/7        EV:  7    Int: 10    God:    Makhleb [......]
Gold:   236        SH:  9    Dex: 12    Spells: 6/6 levels left

rFire    . . .     SeeInvis .   a - +1 war axe
rCold    . . .     Faith    .   c - +0 kite shield
rNeg     . . .     Spirit   .   b - +0 scale mail
rPois    .         Reflect  .   (no helmet)
rElec    .         Harm     .   y - +1 cloak
rCorr    .         Rampage  .   (no gloves)
Will     .....                  u - +0 pair of boots
Stlth    ..........             (no amulet)
HPRegen  0.18/turn              n - +4 ring of protection
MPRegen  0.10/turn              (no ring)

@: sanguine armour
A: talons 1, demonic guardian 1, sanguine armour 2
a: Renounce Religion


You were on level 5 of the Dungeon.
You worshipped Makhleb.
Makhleb was noncommittal.
You visited 2 branches of the dungeon, and saw 6 of its levels.

You collected 236 gold pieces.

Inventory:

Hand Weapons
 a - a +1 war axe (weapon)
Missiles
 g - 33 poisoned darts (quivered)
 t - 8 javelins
Armour
 b - a +0 scale mail (worn)
 c - a +0 kite shield (worn)
 u - a +0 pair of boots (worn)
 y - a +1 cloak (worn)
Jewellery
 n - a +4 ring of protection (left hand)
Scrolls
 i - a scroll of amnesia
 j - a scroll of identify
 x - a scroll of immolation
Potions
 d - 2 potions of might
 e - a potion of lignification {unknown}
 f - 6 potions of heal wounds {unknown}
 k - a potion of berserk rage {unknown}
 l - 3 potions of degeneration {unknown}
 o - 4 potions of curing
 p - a potion of attraction {unknown}
 r - 2 potions of haste {unknown}
 s - a potion of brilliance {unknown}


   Skills:
 + Level 5.2 Fighting
 + Level 4.2 Axes
 + Level 4.8 Armour
 + Level 4.7 Shields


You had 6 spell levels left.
You didn't know any spells.
Your spell library was empty.

Dungeon Overview and Level Annotations

Branches:
Dungeon (5/15)             Temple (1/1) D:4

Altars:
Ashenzari
Cheibriados
Fedhas
Hepliaklqana
Makhleb
Nemelex Xobeh
Qazlal
Trog
Uskayaw
Vehumet
Wu Jian
The Shining One


Innate Abilities, Weirdness & Mutations

You have sharp toenails.
A weak demonic guardian rushes to your aid.
When seriously injured, your bleeding wounds create thick armour. (AC +9)


Message History

The puff of frost hits you but does no damage.
The white imp gestures at you.
The puff of frost hits you but does no damage.
You hit the white imp but do no damage.
You hear the slow rusting of a distant drain.
The white imp hits you but does no damage.
You hit the white imp but do no damage. You block the white imp's attack. x2
You closely miss the white imp. The white imp gestures at you.
The puff of frost hits you!
* * * LOW HITPOINT WARNING * * *
You barely miss the white imp. The white imp gestures at you.
The puff of frost hits you.
* * * LOW HITPOINT WARNING * * *
You slash the white imp!
The white imp is severely wounded.
The white imp gestures at you. The puff of frost hits you!
You die...

.....#..# .......#..#
......._..#
.......#..## .#
(?.....#.(.# .#
........###..# .#
#.........###$.# .#
#...# #.###..# .#
#..## #.5@...# .#
#...# #####..#
.######.#'########.##
....................#
....................#
.........†..........#
.......#..#.........#
.......#..≈.........#
##.#####............#


You could see a white imp.

Vanquished Creatures
  3 phantoms
  A centaur (D:5)
  A howler monkey (D:4)
  A jelly (D:5)
  2 hounds (D:4)
  An iguana (D:5)
  2 worker ants
  8 gnolls
  6 adders
  2 adder skeletons (D:5)
  5 dart slugs
  3 leopard geckos (D:3)
  6 giant cockroaches
  7 goblins
  8 hobgoblins
  9 jackals
  A quokka (D:2)
  3 ball pythons
  A ball python skeleton (D:4)
  4 bats
  3 frilled lizards
  A jackal skeleton (D:4)
  8 kobolds
  8 rats
94 creatures vanquished.

Vanquished Creatures (collateral kills)
  A sky beast (D:5)
  A worm (D:5)
2 creatures vanquished.

Grand Total: 96 creatures vanquished

Notes
Turn   | Place    | Note
-------+----------+-------------------------------------------
     0 | D:1      | voltaire321 the Demonspawn Fighter began the quest for the
                  | Orb.
     0 | D:1      | Reached XP level 1. HP: 18/18 MP: 1/1
   224 | D:1      | Gained mutation: When seriously injured, your bleeding
                  | wounds create armour. (AC +9) [demonic ancestry]
   224 | D:1      | Reached XP level 2. HP: 24/24 MP: 2/2
  1014 | D:2      | Reached XP level 3. HP: 26/29 MP: 3/3
  2138 | D:3      | Gained mutation: When seriously injured, your bleeding
                  | wounds create thick armour. (AC +9) [demonic ancestry]
  2138 | D:3      | Reached XP level 4. HP: 35/35 MP: 4/4
  2981 | D:4      | Noticed a phantom
  2982 | D:4      | Noticed a phantom
  3000 | D:4      | Reached XP level 5. HP: 39/42 MP: 5/5
  3198 | D:3      | Killed a phantom
  3199 | D:3      | Reached skill level 4 in Fighting
  3199 | D:3      | Gained mutation: You have sharp toenails. [demonic
                  | ancestry]
  3199 | D:3      | Reached XP level 6. HP: 29/48 MP: 6/6
  3927 | D:4      | Gained mutation: A weak demonic guardian rushes to your
                  | aid. [demonic ancestry]
  3927 | D:4      | Reached XP level 7. HP: 47/55 MP: 7/7
  4032 | D:4      | Found a sparkling altar of Nemelex Xobeh.
  4062 | D:4      | Found a staircase to the Ecumenical Temple.
  4073 | Temple   | Entered the Ecumenical Temple
  4118 | Temple   | Became a worshipper of Makhleb the Destroyer
  4312 | D:5      | Entered Level 5 of the Dungeon
  4434 | D:5      | Reached skill level 5 in Fighting
  4450 | D:5      | Found a broken altar of Ashenzari.
  4504 | D:5      | Killed from afar by a white imp

Illustrated notes

Levels and vault maps discovered:
D:1:      giann_horns, layout_basic, minmay_box_of_dots
D:2:      layout_basic
D:3:      layout_loops_ring, serial_rivers, chequers_serial_rivers_small_3,
          chequers_serial_rivers_small_b, chequers_serial_rivers_large_b,
          chequers_serial_rivers_marsh, chequers_serial_rivers_room_a,
          chequers_serial_rivers_room_a
D:4:      layout_basic, lemuel_coloured_pillars_altar,
          minmay_temple_entry_statues_pillars
D:5:      layout_basic, cheibrodos_ashenzari_chains, portal_sewer_entry_d
Temple:   jpeg_temple_alley_garden

Skill      XL: |  1  2  3  4  5  6  7 |
---------------+----------------------+-----
Axes           | 2 3 4 |  4.2
Armour         | 3 4 |  4.8
Shields        | 3 4 |  4.7
Fighting       | 4 5 |  5.2

Action                   |  1- 3 |  4- 6 |  7- 9 || total
-------------------------+-------+-------+-------++-------
Melee: War axe           |   122 |   157 |    54 ||   333
  Use: Scroll            |       |       |     9 ||     9
 Stab: Distracted        |       |       |     1 ||     1
Armor: Scale mail        |    68 |    85 |    26 ||   179
Dodge: Dodged            |    41 |    66 |    18 ||   125
Block: Kite shield       |    56 |    99 |    22 ||   177

Table legend: (Time is in decaauts)
 A = Elapsed time spent in this place.
 B = Non-inter-level travel time spent in this place.
 C = Inter-level travel time spent in this place.
 D = Time resting spent in this place.
 E = Time spent auto-exploring this place.
 F = Levels seen in this place.
 G = Mean time per level.
                   A        B        C        D        E       F      G
               +--------+--------+--------+--------+--------+-----+--------+
         Total |   4681 |   4577 |    104 |    922 |   2401 |   6 |  780.2 |
       Dungeon |   4591 |   4487 |    104 |    922 |   2401 |   5 |  918.2 |
        Temple |     89 |     89 |      0 |      0 |      0 |   1 |   89.0 |
               +--------+--------+--------+--------+--------+-----+--------+

Top non-repeatable levels by time:
     D:3: 1749 daAuts
     D:1: 947 daAuts
     D:2: 871 daAuts
     D:4: 816 daAuts
     D:5: 206 daAuts
  Temple: 89 daAuts
